AoeStats
← filiusgaya

Black Forest

510423341Analyzed
4v4 RM · 1d ago on Sep 30, 2026· 55m 32s· 8 players
Game mode
Random Map
Map size
Large (8 player)
Population
200
Speed
Normal
Resources
Standard
Victory
Conquest
Starting age
Dark Age
Ending age
Imperial Age
RankedLock teamsTeams togetherTeam positionsShared explorationLock speedFull tech treeHidden civsTurbo modeCheats
Victory
Defeat
🇨🇦 Bohemians · Canada
722
+9
🇲🇽 Turks · Mexico
687
+11
🇨🇱 Britons · Chile
460
+20
🇧🇷 Chinese · Brazil
424
+21
🇨🇴 Persians · Colombia
607
-17
🇲🇽 Romans · Mexico
566
-16
🇧🇷 Teutons · Brazil
565
-16
🇺🇸 Saxons · United States
475
-12
Renyman III
0:33 Loom
15:40 Feudal Age
17:11 Double-Bit Axe
17:09 Horse Collar
20:30 Padded Archer Armor
24:55 Castle Age
24:41 Wheelbarrow
24:05 Gold Mining
30:04 Elite Skirmisher
33:20 Hand Cart
40:18 Imperial Age
40:47 Kamandaran
40:59 Husbandry
44:47 Ballistics
47:50 Crossbowman
48:36 Thumb Ring
49:39 Leather Archer Armor
53:24 Fletching
55:04 Chemistry
55:15 Cavalier
rmross74
0:32 Loom
15:05 Feudal Age
15:31 Double-Bit Axe
15:35 Town Watch
16:26 Wheelbarrow
15:46 Stone Mining
15:47 Gold Mining
18:25 Horse Collar
21:59 Castle Age
20:13 Scale Barding Armor
20:39 Fletching
20:54 Padded Archer Armor
21:19 Forging
21:31 Scale Mail Armor
23:08 Hand Cart
23:37 Bow Saw
25:23 Bodkin Arrow
26:35 Town Patrol
26:38 Heavy Plow
27:19 Gold Shaft Mining
27:25 Sanctity
28:12 Iron Casting
31:11 Chain Mail Armor
31:25 Leather Archer Armor
40:01 Imperial Age
38:18 Clerical Recruitment
39:23 Chain Barding Armor
39:38 Squires
39:24 Gambesons
39:01 Pikeman
40:54 Fortified Wall
41:47 Chemistry
40:45 Murder Holes
40:41 Guard Tower
40:29 Crossbowman
41:48 Bracer
42:19 Ring Archer Armor
41:13 Elite Varangian Guard
41:16 Halberdier
41:33 Shield Wall
41:41 Arbalester
42:27 Thumb Ring
42:39 Cranequins
43:37 Masonry
43:19 Treadmill Crane
45:04 Two-Man Saw
44:18 Heated Shot
45:09 Plate Mail Armor
45:46 Atonement
46:02 Block Printing
46:15 Illumination
45:46 Herbal Medicine
45:52 Devotion
46:31 Conscription
45:40 Elite Skirmisher
47:23 Theocracy
48:51 Keep
49:19 Redemption
50:17 Elite Hearth Troop
Mimi
0:39 Loom
luisxd665
0:32 Loom
17:07 Feudal Age
20:02 Double-Bit Axe
24:46 Castle Age
23:36 Gold Mining
23:29 Horse Collar
29:13 Wheelbarrow
28:45 Stone Mining
30:43 Bow Saw
31:28 Gold Shaft Mining
32:03 Hand Cart
31:34 Pikeman
32:15 Squires
31:37 Man-at-Arms
37:17 Imperial Age
36:55 Ballistas
37:04 Forging
36:54 Scale Mail Armor
37:00 Scale Barding Armor
36:46 Fletching
36:57 Padded Archer Armor
39:04 Chemistry
39:43 Town Watch
40:24 Conscription
40:56 Caravan
41:26 Coinage
42:52 Guilds
42:28 Heavy Scorpion
42:31 Long Swordsman
44:07 Halberdier
44:22 Legionary
45:40 Fortified Wall
45:25 Murder Holes
52:08 Elite Centurion
filiusgaya
1:26 Loom
11:45 Feudal Age
12:11 Double-Bit Axe
12:10 Horse Collar
13:37 Gold Mining
20:01 Castle Age
18:48 Stone Mining
21:03 Heavy Plow
21:41 Gold Shaft Mining
21:19 Bow Saw
30:32 Imperial Age
28:42 Town Watch
29:32 Wheelbarrow
30:17 Caravan
30:49 Coinage
31:15 Town Patrol
31:31 Hand Cart
32:10 Banking
34:10 Two-Man Saw
33:41 Bombard Tower
33:02 Treadmill Crane
38:47 Guilds
39:54 Artillery
40:14 Conscription
40:15 Sipahi
39:16 Elite Janissary
40:14 Arson
40:29 Squires
39:50 Man-at-Arms
40:42 Forging
40:32 Scale Mail Armor
40:38 Scale Barding Armor
40:33 Padded Archer Armor
40:23 Fletching
40:56 Ballistics
40:22 Arrowslits
40:27 Guard Tower
40:48 Fortified Wall
40:28 Heated Shot
40:34 Murder Holes
40:49 Masonry
41:02 Long Swordsman
41:05 Heavy Scorpion
41:06 Capped Ram
43:30 Keep
43:16 Chain Barding Armor
43:12 Chain Mail Armor
43:33 Iron Casting
42:38 Siege Ram
42:45 Two-Handed Swordsman
43:32 Husbandry
43:42 Bloodlines
42:53 Heavy Camel Rider
42:53 Cavalier
43:59 Leather Archer Armor
44:20 Fervor
44:11 Atonement
44:23 Redemption
44:16 Devotion
44:37 Sanctity
44:56 Theocracy
47:46 Champion
48:57 Parthian Tactics
48:38 Thumb Ring
47:53 Crossbowman
47:54 Heavy Cavalry Archer
54:34 Plate Mail Armor
55:05 Blast Furnace
54:00 Bodkin Arrow
54:36 Ring Archer Armor
54:42 Plate Barding Armor
Hugh Jass
0:29 Loom
13:55 Feudal Age
21:58 Castle Age
20:56 Man-at-Arms
22:29 Long Swordsman
22:30 Pikeman
28:43 Caravan
30:46 Chemistry
41:08 Imperial Age
42:59 Halberdier
43:01 Two-Handed Swordsman
48:55 Houfnice
50:25 Wheelbarrow
50:04 Double-Bit Axe
55:00 Hand Cart
Cap-Royers
0:48 Loom
12:26 Feudal Age
13:45 Double-Bit Axe
15:08 Gold Mining
16:15 Horse Collar
18:50 Wheelbarrow
21:20 Stone Mining
30:10 Castle Age
32:08 Padded Archer Armor
32:00 Fletching
32:11 Scale Mail Armor
32:23 Forging
32:20 Scale Barding Armor
33:36 Gold Shaft Mining
33:35 Caravan
33:50 Bodkin Arrow
34:10 Leather Archer Armor
33:19 Pikeman
37:17 Imperial Age
35:13 Bow Saw
37:31 Heavy Plow
37:40 Elite Longbowman
39:47 Two-Man Saw
41:22 Chemistry
41:33 Hand Cart
41:26 Treadmill Crane
41:58 Fortified Wall
43:14 Light Cavalry
44:01 Bracer
44:22 Chain Barding Armor
44:18 Chain Mail Armor
44:34 Ring Archer Armor
45:22 Halberdier
48:33 Iron Casting
48:29 Plate Mail Armor
48:35 Plate Barding Armor
pvccarvalho
1:02 Loom
14:28 Feudal Age
14:49 Man-at-Arms
15:23 Double-Bit Axe
16:19 Wheelbarrow
15:30 Town Watch
18:47 Horse Collar
21:45 Stone Mining
21:55 Gold Mining
25:55 Fletching
26:07 Padded Archer Armor
28:17 Castle Age
27:51 Forging
27:43 Scale Mail Armor
29:26 Bow Saw
30:11 Bodkin Arrow
30:32 Leather Archer Armor
29:59 Elite Skirmisher
30:00 Crossbowman
30:05 Long Swordsman
31:12 Scale Barding Armor
33:14 Caravan
34:33 Chain Mail Armor
35:13 Squires
36:27 Guard Tower
36:40 Pikeman
37:58 Heavy Plow
38:54 Murder Holes
40:12 Hand Cart
40:40 Great Wall
41:06 Husbandry
41:28 Fortified Wall
42:09 Town Patrol
41:55 Light Cavalry
43:24 Chain Barding Armor
43:57 Stone Shaft Mining
45:08 Coinage
45:19 Iron Casting
45:08 Ballistics
47:44 Bloodlines
47:43 Thumb Ring
48:25 Heated Shot
48:46 Masonry
51:10 Imperial Age
49:50 Arson
52:31 Conscription
51:44 Sappers
51:35 Elite Chu Ko Nu
51:41 Two-Handed Swordsman
52:17 Arrowslits
53:05 Ring Archer Armor
53:49 Keep
54:54 Plate Mail Armor
55:27 Blast Furnace
55:17 Halberdier
Connection lost

Rejoining the realm…

Still unreachable

The connection could not be restored.

Session expired

The server has moved on; the page needs a fresh start.